 Dungeon Crawl Stone Soup version 0.29.1-13-g9f3cf754e1 (webtiles) character file.

Game seed: 13296169695235407981

198 booth the Chopper (level 5, -2/39 HPs)
             Began as a Demonspawn Gladiator on Feb 6, 2023.
             Slain by Edmund
             ... wielding a +5 flail of venom
              (14 damage)
             ... on level 4 of the Dungeon on Feb 7, 2023.
             The game lasted 00:22:19 (3606 turns).

booth the Chopper (Demonspawn Gladiator)            Turns: 3606, Time: 00:22:20

Health: -2/39      AC:  7    Str: 14    XL:     5   Next: 47%
Magic:  5/5        EV: 12    Int:  9    God:
Gold:   155        SH:  0    Dex: 15    Spells: 4/4 levels left

rFire   . . .      SeeInvis .   a - +0 war axe
rCold   . . .      Faith    .   (no shield)
rNeg    . . .      Spirit   .   b - +1 leather armour
rPois   .          Reflect  .   c - +0 helmet
rElec   .          Harm     .   h - +0 cloak
rCorr   .          Rampage  .   m - +0 pair of gloves
Will    .....                   (no boots)
Stlth   ++........              (no amulet)
HPRegen 0.13/turn               (no ring)
MPRegen 0.18/turn               (no ring)

@: no status effects
A: claws 1, magic regeneration, weak 1, wild magic 1
a: no special abilities


You were on level 4 of the Dungeon.
You visited 1 branch of the dungeon, and saw 4 of its levels.

You collected 155 gold pieces.

Inventory:

Hand Weapons
 a - a +0 war axe (weapon)
 j - a +0 mace
Missiles
 d - 4 throwing nets (quivered)
 e - 3 javelins
Armour
 b - a +1 leather armour (worn)
 c - a +0 helmet (worn)
 h - a +0 cloak (worn)
 m - a +0 pair of gloves (worn)
Jewellery
 u - an amulet of reflection
Scrolls
 n - a scroll of identify
 o - a scroll of teleportation
 p - a scroll of fog {unknown}
 q - a scroll of vulnerability {unknown}
 r - a scroll of magic mapping {unknown}
 t - a scroll of summoning {unknown}
Potions
 f - a potion of resistance
 g - a potion of curing
 i - a potion of heal wounds {unknown}
 k - a potion of haste
 s - a potion of invisibility


   Skills:
 + Level 2.4 Fighting
 * Level 4.5 Axes
 + Level 2.0 Throwing
 + Level 1.1 Armour
 + Level 3.0 Dodging
 - Level 1.8 Stealth
 * Level 0.2 Spellcasting


You had 4 spell levels left.
You didn't know any spells.
Your spell library contained the following spells:

 Spells                   Type           Power      Damage    Failure   Level
 Inner Flame              Hex/Fire       0%         N/A       88%         3
 Cause Fear               Hex            0%         N/A       99%         4
 Discord                  Hex            0%         N/A       100%        8


Dungeon Overview and Level Annotations

Branches:
Dungeon (4/15)
 Temple: D:4-7

Altars:

Shops:
D:4 =

Annotations:
D:3 3 runed translucent doors, cdecastro's ghost, novice HOFi
D:4 Edmund


Innate Abilities, Weirdness & Mutations

You have sharp fingernails.
You regenerate magic rapidly.
You are weak. (Str -2)
Your spells are a little harder to cast, but a little more powerful.


Message History

You are more poisoned.
The orc hits you but does no damage.
You closely miss Edmund.
Edmund is lightly wounded.
You hit the orc.
You kill the orc!
You feel very sick.
Edmund hits you with a +5 flail of venom!
* * * LOW HITPOINT WARNING * * *
You are more poisoned.
You feel better.
Edmund hits you with a +5 flail of venom.
* * * LOW HITPOINT WARNING * * *
You hit Edmund but do no damage.
Edmund is lightly wounded.
Edmund closely misses you.
Throw: 5 throwing nets
Press: ? - help, Q - select action, (/) - cycle Shift-Dir - straight line, f/p - Edmund
Aim: Edmund, wielding a +5 flail of venom and wearing a +0 scale mail (lightly wounded, poisoned, 64% to hit)
You throw a throwing net. The throwing net hits Edmund.
Edmund is caught in the net!
Edmund is lightly wounded.
Edmund mutters, "Who needs spells, anyway?"
Edmund struggles against the net.
You feel better.
Edmund says, "I'm quite good with sums, too."
Edmund struggles against the net.
You catch the helpless Edmund completely off-guard!
You hit Edmund.
Edmund is lightly wounded.
Edmund struggles against the net.
You hit Edmund but do no damage.
Edmund is lightly wounded.
Edmund struggles against the net.
You slash Edmund!
Edmund is moderately wounded.
Edmund looks more healthy.
Edmund struggles against the net.
The net rips apart, and Edmund comes free!
Edmund hits you with a +5 flail of venom!
You die...

.....#.. .......
.......# ...!...
#......# .......
#......# ....... ##
#......###.......
...#........<.......
.......##...###.....
......###....# ...
......#@#..### . .
#...∩.@)..# #.@
........(..# ....
.........(.#.....
......#(.......#
.#...####......#
...$. #...##.##
..... #.?.....# ....
#.......#


You could see Edmund.

Vanquished Creatures
  3 orc wizards
  Robin (D:2)
  An adder (D:2)
  3 worms
  4 orcs
  8 ball pythons
  7 bats
  5 endoplasms
  2 giant cockroaches
  11 hobgoblins
  5 jackals
  3 quokkas
  9 frilled lizards
  11 goblins
  7 kobolds
  7 rats
87 creatures vanquished.

Vanquished Creatures (others)
  A demonic plant (D:1)
  A fungus (D:1)
  2 withered plants (D:1)
4 creatures vanquished.

Grand Total: 91 creatures vanquished

Notes
Turn   | Place    | Note
-------+----------+-------------------------------------------
     0 | D:1      | booth the Demonspawn Gladiator began the quest for the Orb.
     0 | D:1      | Reached XP level 1. HP: 16/16 MP: 1/1
    30 | D:1      | Found a faded altar of an unknown god.
    78 | D:1      | Reached skill level 3 in Axes
   139 | D:1      | You fall into a shaft and drop 1 floor!
   274 | D:1      | Gained mutation: You have sharp fingernails. [demonic
                  | ancestry]
   274 | D:1      | Reached XP level 2. HP: 22/22 MP: 2/2
   665 | D:1      | Reached skill level 1 in Stealth
  1235 | D:1      | Reached XP level 3. HP: 25/27 MP: 3/3
  1469 | D:1      | Gained mutation: You are weak. (Str -2) [potion of
                  | mutation]
  1469 | D:1      | Gained mutation: Your spells are a little harder to cast,
                  | but a little more powerful. [potion of mutation]
  1694 | D:2      | Noticed Robin
  1710 | D:2      | Killed Robin
  2006 | D:2      | Reached XP level 4. HP: 21/33 MP: 4/4
  2772 | D:3      | Found a runed translucent gate.
  2772 | D:3      | Found a runed translucent gate.
  2772 | D:3      | Found a runed translucent gate.
  2772 | D:3      | Noticed cdecastro's ghost (novice HOFi)
  2796 | D:3      | Reached skill level 4 in Axes
  3070 | D:3      | Gained mutation: You regenerate magic rapidly. [demonic
                  | ancestry]
  3070 | D:3      | Reached XP level 5. HP: 32/39 MP: 5/5
  3324 | D:3      | Reached skill level 1 in Armour
  3568 | D:4      | Found Oles's Jewellery Emporium.
  3572 | D:4      | Noticed Edmund
  3606 | D:4      | Slain by Edmund

Illustrated notes

Levels and vault maps discovered:
D:1:      minmay_arrival_arboretum_large, layout_basic,
          shapermc_ecumenical_altar_gd, grunt_decor_arrowhead,
          minmay_pentomino_r2
D:2:      minmay_chambers_of_twos, layout_basic, uniq_robin
D:3:      layout_loops_cross, gammafunk_ghost_split, minmay_surrounded
D:4:      layout_cave_pools, grunt_temple_overflow_opulence,
          kennysheep_mini_moat, temple_statues, serial_shops, shop_statue,
          nicolae_diamond_shop, shop, uniq_edmund

Skill      XL: |  1  2  3  4  5 |
---------------+----------------+-----
Axes           | 3 4 |  4.5
Stealth        | 1 |  1.8
Dodging        | 3 |  3.0
Armour         | 1 |  1.1
Throwing       | 2 |  2.0
Fighting       | |  2.4
Spellcasting   | |  0.2

Action                   |  1- 3 |  4- 6 || total
-------------------------+-------+-------++-------
Melee: War axe           |   116 |    91 ||   207
       Punch             |       |     1 ||     1
Throw: Dart              |     9 |    15 ||    24
       Javelin           |     3 |       ||     3
       Throwing net      |     1 |     1 ||     2
  Use: Scroll            |     5 |     1 ||     6
       Potion            |     4 |     2 ||     6
 Stab: Sleeping          |     1 |     2 ||     3
       Invisible         |     1 |       ||     1
       Held in net/web   |       |     1 ||     1
Armor: Leather armour    |    42 |    44 ||    86
Dodge: Dodged            |    99 |    65 ||   164
